Map: 16 bits EJ

Players

VortiX

  • Race: Zerg Zerg
  • Spawn Location: 1:00

PtitDrogo - Winner!

  • Race: Protoss Protoss
  • Spawn Location: 7:00

Event: WCS Valencia 2018

VOD

Have the link to the VOD?

Description

Time

  • Played on: July 12, 2018, 11:31 a.m.
  • Length: 16:15

All games in this series

Show
View Real Time Build Order
Export as new Build Order

VortiX Zerg 

Build Orders: Hatch First, Lurkers, Roach Hydra 

Get SALT Encoding   

  12  0:00  Drone  
  13  0:12  Overlord  
  13  0:18  Drone  
  14  0:31  Drone x2  
  16  0:50  Hatchery  
  16  0:52  Drone  
  16  0:56  Drone  
  17  1:11  Spawning Pool  
  16  1:13  Drone  
  16  1:17  Drone  
  18  1:21  Extractor  
  18  1:22  Drone  
  18  1:28  Drone  
  19  1:39  Drone  
  20  1:49  Overlord  
  20  1:58  Queen  
  22  2:02  Overlord  
  22  2:03  Queen  
  22  2:07  Zergling x2  
  25  2:12  Drone  
  25  2:14  Drone  
  27  2:22  Drone  
  28  2:24  Drone  
  29  2:33  Drone  
  29  2:35  Drone  
  31  2:43  Hatchery  
  30  2:49  Queen  
  32  2:53  Drone  
  32  2:55  Metabolic Boost  
  33  3:01  Drone x2  
  35  3:05  Drone  
  35  3:06  Drone  
  35  3:09  Zergling x2  
  35  3:11  Drone  
  39  3:17  Drone x2  
  39  3:19  Drone x2  
  42  3:25  Queen  
  44  3:30  Overlord  
  44  3:31  Spore Crawler  
  44  3:33  Drone  
  44  3:37  Spore Crawler, Drone  
  44  3:48  Overlord, Queen  
  44  3:50  Drone x2  
  44  3:51  Drone  
  44  3:53  Drone  
  44  3:54  Drone  
  51  4:01  Overlord  
  51  4:03  Drone x3  
  51  4:05  Drone  
  51  4:07  Drone  
  51  4:08  Drone  
  57  4:11  Drone  
  57  4:14  Spore Crawler  
  57  4:17  Overlord  
  57  4:20  Drone x3  
  57  4:21  Drone  
  60  4:26  Extractor  
  60  4:27  Extractor  
  58  4:31  Drone x2  
  58  4:32  Lair, Drone  
  58  4:37  Drone  
  62  4:43  Drone x3  
  62  4:45  Drone x3  
  64  4:46  Drone x2  
  64  4:52  Drone x3  
  70  4:59  Roach Warren  
  69  5:01  Overlord  
  69  5:02  Drone x4  
  69  5:04  Extractor  
  72  5:09  Drone  
  72  5:10  Evolution Chamber x2  
  72  5:14  Zergling x2  
  72  5:15  Overlord  
  72  5:21  Zergling x2  
  73  5:26  Drone x3  
  73  5:27  Drone x2  
  74  5:29  Extractor  
  74  5:30  Extractor  
  74  5:31  Hydralisk Den, Drone  
  74  5:33  Drone x2  
  74  5:34  Drone x2  
  76  5:36  Zerg Missile Weapons Level 1, Zerg Ground Armor Level 1  
  76  5:39  Drone  
  77  5:45  Drone  
  77  5:46  Drone  
  77  5:47  Glial Reconstitution  
  79  5:53  Hatchery  
  79  5:56  Roach x2  
  79  5:57  Roach x3  
  88  5:59  Overseer  
  88  6:01  Grooved Spines, Overlord  
  87  6:06  Drone  
  87  6:07  Drone  
  87  6:09  Hydralisk  
  90  6:16  Overlord  
  90  6:20  Overlord  
  90  6:21  Hydralisk x3  
  90  6:22  Hydralisk  
  98  6:30  Lurker Den  
  97  6:36  Drone x2  
  97  6:37  Hydralisk x2  
  103  6:40  Infestation Pit  
  103  6:41  Hydralisk  
  103  6:45  Roach x3  
  110  6:49  Overlord x2  
  110  6:53  Roach  
  110  6:54  Roach  
  114  6:59  Evolution Chamber  
  113  7:02  Roach, Evolution Chamber  
  113  7:03  Overlord, Evolution Chamber  
  113  7:06  Roach x2  
  113  7:07  Roach  
  119  7:12  Muscular Augments  
  119  7:14  Roach  
  119  7:15  Roach x4  
  112  7:22  Hydralisk  
  112  7:23  Hydralisk  
  112  7:29  Drone x5  
  115  7:42  Drone x7  
  122  7:47  Extractor  
  122  7:50  Extractor  
  120  7:57  Hatchery  
  118  8:01  Drone x4  
  118  8:05  Hydralisk  
  124  8:11  Hydralisk x2  
  127  8:16  Hive  
  127  8:19  Lurker  
  128  8:22  Lurker x2  
  128  8:23  Overlord  
  128  8:25  Overlord  
  130  8:41  Hydralisk x2  
  130  8:42  Hydralisk x2  
  135  8:53  Hydralisk x3  
  135  9:04  Hydralisk x3  
  135  9:05  Hydralisk  
  137  9:12  Overlord x3  
  137  9:14  Zerg Ground Armor Level 2, Zerg Missile Weapons Level 2  
  137  9:17  Lurker  
  137  9:19  Overseer  
  137  9:21  Drone x4  
  137  9:22  Drone  
  137  9:23  Drone  
  144  9:28  Overlord x2  
  144  9:30  Adaptive Talons  
  144  9:32  Hydralisk, Lurker  
  144  9:37  Drone  
  144  9:38  Drone x4  
  152  9:39  Drone  
  152  9:45  Hydralisk, Lurker x2  
  155  9:48  Roach  
  155  9:49  Roach  
  161  9:53  Hydralisk  
  161  9:54  Hydralisk  
  161  9:57  Hydralisk  
  167  10:03  Hydralisk, Spore Crawler  
  167  10:05  Lurker, Spore Crawler  
  167  10:06  Lurker  
  169  10:09  Hydralisk  
  171  10:14  Hydralisk x2  
  171  10:16  Overlord  
  171  10:18  Overlord  
  169  10:37  Hydralisk  
  169  10:38  Hydralisk x8  
  183  10:44  Ravager  
  183  10:45  Lurker  
  183  10:46  Lurker  
  186  10:55  Hydralisk x2  
  186  10:56  Hydralisk  
  192  11:02  Hydralisk x2  
  192  11:03  Hydralisk  
  198  11:04  Roach, Hatchery  
  198  11:05  Roach  
  198  11:08  Overseer x3  
  187  11:21  Ravager x2  
  187  11:23  Lurker  
  187  11:24  Lurker  
  190  11:27  Hydralisk x3  
  189  11:35  Hydralisk  
  189  11:36  Hydralisk x2  
  184  11:46  Hydralisk x4  
  168  11:52  Roach x6  
  164  12:01  Hydralisk x4  
  167  12:11  Hydralisk x5  
  173  12:16  Hydralisk  
  173  12:17  Hydralisk  
  169  12:26  Hydralisk x3  
  169  12:27  Hydralisk  
  177  12:30  Lurker  
  177  12:34  Drone x5  
  177  12:35  Drone  
  177  12:36  Hydralisk x2  
  188  12:40  Hydralisk x2  
  186  12:47  Hydralisk x3  
  186  12:50  Hydralisk  
  192  12:53  Hatchery  
  136  13:06  Hydralisk x2  
  136  13:07  Hydralisk x2  
  136  13:11  Hydralisk  
  140  13:14  Overseer x4  
  140  13:15  Pneumatized Carapace  
  140  13:21  Hydralisk x3  
  140  13:24  Overlord x2  
  146  13:27  Drone x3  
  146  13:28  Drone  
  146  13:31  Drone x3  
  146  13:32  Drone  
  154  13:34  Hydralisk  
  154  13:40  Pathogen Glands  
  156  13:46  Hydralisk  
  158  13:51  Extractor, Drone x3  
  158  13:52  Extractor  
  158  13:53  Drone  
  158  13:54  Drone x2  
  162  13:56  Hydralisk  
  164  14:03  Hydralisk  
  166  14:16  Infestor x2  
  168  14:24  Hatchery, Infestor  
  169  14:32  Infestor  
  169  14:36  Neural Parasite  
  171  14:42  Infestor x2  
  175  14:51  Overlord x5  
  171  15:01  Infestor x2  
  171  15:04  Hatchery  
  174  15:09  Spore Crawler x4  
  174  15:11  Infestor x2, Spore Crawler  
  174  15:12  Spore Crawler  
  174  15:13  Spore Crawler  
  161  15:15  Hydralisk x2  
  161  15:21  Spore Crawler  
  154  15:22  Spore Crawler  
  154  15:26  Queen  
  154  15:27  Drone x2  
  148  15:29  Infestor  
  148  15:33  Infestor  
  152  15:47  Hydralisk x4  
  152  15:48  Hydralisk x3  
Show
View Real Time Build Order
Export as new Build Order

PtitDrogo Protoss - Winner!

Build Orders: 1 Gate Expand, Oracle Opening, Archon Immortal, Carriers, Zealot Archon 

Get SALT Encoding   

  12  0:00  Probe  
  13  0:13  Probe  
  14  0:18  Pylon  
  14  0:24  Probe  
  15  0:32  Probe  
  15  0:40  Gateway, Probe  
  16  0:47  Assimilator  
  17  0:51  Probe  
  18  1:03  Probe  
  19  1:15  Probe  
  20  1:26  Nexus  
  20  1:36  Cybernetics Core  
  20  1:39  Probe  
  21  1:44  Assimilator  
  21  1:51  Probe  
  22  1:55  Pylon  
  22  2:03  Probe  
  22  2:04  Adept  
  23  2:15  Probe  
  26  2:22  Stargate  
  26  2:27  Probe  
  26  2:29  Warp Gate  
  27  2:35  Adept, Probe  
  27  2:36  Probe  
  29  2:44  Probe x2  
  33  2:53  Probe  
  33  2:54  Probe  
  35  3:04  Oracle  
  35  3:05  Probe  
  35  3:06  Probe  
  40  3:18  Probe x2  
  42  3:25  Pylon  
  42  3:26  Stalker  
  44  3:30  Probe x2  
  44  3:34  Oracle  
  46  3:43  Probe x2  
  51  3:53  Pylon  
  51  3:55  Probe x2  
  53  4:03  Nexus  
  53  4:05  Pylon  
  53  4:07  Probe  
  54  4:11  Probe  
  54  4:14  Assimilator x2  
  55  4:19  Probe  
  56  4:25  Probe  
  58  4:31  Gateway, Probe  
  58  4:33  Gateway  
  58  4:34  Robotics Facility  
  58  4:37  Probe  
  59  4:43  Probe  
  60  4:48  Twilight Council, Probe  
  60  4:49  Forge  
  60  4:52  Shield Battery, Probe  
  61  4:54  Pylon  
  61  4:56  Probe  
  62  5:01  Probe  
  62  5:02  Pylon  
  62  5:04  Probe  
  64  5:07  Charge  
  64  5:08  Protoss Ground Weapons Level 1  
  64  5:10  Probe  
  66  5:15  Probe  
  66  5:16  Probe  
  66  5:20  Gateway  
  66  5:21  Gateway  
  68  5:27  Probe  
  69  5:29  Warp Prism  
  69  5:31  Probe  
  69  5:32  Probe  
  73  5:36  Gateway  
  73  5:40  Gateway  
  73  5:45  Gateway  
  73  5:47  Gateway  
  73  5:51  Templar Archives  
  73  5:53  Probe x2  
  73  5:56  Probe  
  76  5:57  Pylon  
  76  6:08  Probe x2  
  76  6:09  Assimilator  
  78  6:11  Pylon  
  78  6:12  Assimilator  
  78  6:13  Pylon  
  78  6:17  Probe  
  78  6:18  Observer  
  80  6:21  Zealot x5  
  90  6:42  High Templar x6, Pylon  
  90  6:43  Zealot x2, Pylon  
  90  6:46  Archon x2  
  106  6:47  Archon  
  106  6:49  Zealot  
  107  7:09  Zealot x2  
  107  7:12  Zealot  
  113  7:16  Zealot x6, Psionic Storm  
  113  7:17  Immortal  
  113  7:19  Protoss Ground Weapons Level 2  
  103  7:37  High Templar x3  
  103  7:38  Zealot x4, High Templar  
  103  7:39  Zealot  
  119  7:56  Probe  
  119  7:57  Nexus  
  120  7:59  Immortal, Pylon  
  120  8:02  Robotics Facility  
  120  8:04  Zealot x4  
  132  8:09  Pylon  
  132  8:13  Dark Shrine  
  132  8:14  Probe  
  133  8:21  Zealot  
  133  8:22  Zealot  
  135  8:34  Zealot  
  135  8:35  Zealot x6  
  143  8:47  Zealot x2  
  137  8:49  Immortal  
  129  8:56  Zealot x5  
  135  9:08  Immortal  
  134  9:10  Probe  
  134  9:13  High Templar x3  
  140  9:20  Probe  
  140  9:22  Immortal  
  141  9:26  High Templar  
  141  9:28  High Templar  
  141  9:30  Photon Cannon  
  141  9:31  Protoss Ground Weapons Level 3, Photon Cannon x2, Probe  
  149  9:36  Assimilator, Probe  
  149  9:37  Assimilator  
  151  9:52  Immortal  
  155  9:55  Dark Templar  
  155  10:00  Probe  
  155  10:01  Immortal, Probe  
  155  10:06  Protoss Air Weapons Level 1  
  161  10:10  Probe  
  161  10:11  Fleet Beacon  
  162  10:14  Stargate  
  162  10:15  Stargate  
  154  10:35  Zealot  
  154  10:36  Zealot x2, Dark Templar x3  
  154  10:42  Zealot x4  
  162  10:44  Mothership  
  162  10:49  Carrier  
  166  10:58  Pylon  
  166  10:59  Carrier  
  166  11:00  Pylon  
  166  11:03  Carrier, Pylon  
  172  11:04  Pylon  
  168  11:20  Zealot x3  
  168  11:21  Zealot x2  
  184  11:29  Immortal x2  
  178  11:45  Archon  
  160  11:50  Zealot x3  
  160  11:53  Protoss Shields Level 1, Protoss Air Weapons Level 2  
  155  12:05  Carrier  
  155  12:08  Observer x2, Probe  
  155  12:11  Carrier  
  155  12:12  Carrier  
  152  12:17  Archon  
  152  12:18  Zealot x7  
  166  12:32  High Templar x2  
  174  12:48  High Templar  
  174  12:49  High Templar  
  174  12:50  Zealot x5  
  164  13:00  Archon  
  164  13:01  Archon  
  154  13:10  Dark Templar x2  
  158  13:13  Dark Templar  
  158  13:15  High Templar x2  
  164  13:21  High Templar  
  164  13:26  Zealot, Pylon  
  168  13:28  Nexus  
  168  13:34  Pylon  
  168  13:40  Zealot  
  170  13:41  Protoss Ground Armor Level 1  
  170  13:43  Carrier  
  170  13:45  Photon Cannon, Carrier  
  182  13:57  High Templar  
  182  14:00  Dark Templar  
  182  14:07  High Templar  
  182  14:08  Zealot  
  184  14:22  Zealot x3  
  184  14:23  Zealot  
  192  14:28  Zealot x2  
  181  14:45  Nexus  
  181  14:48  Dark Templar x2  
  185  14:56  Assimilator  
  185  14:57  Assimilator  
  179  15:05  Probe x4  
  189  15:17  Probe x4  
Tags
 
Add a new tag
Caveats
  • Supply blocks, unpowered buildings, or Contaminate may cause inaccurate times.
  • Supply counts are checked every 10 seconds.